 Dungeon Crawl Stone Soup version 0.29-a0-418-gc0181ea820 (webtiles) character file.

Game seed: 12840607152887092079

9668 sammy202020 the Fighter (level 11, 0/99 (104) HPs)
             Began as a Minotaur Fighter on May 17, 2022.
             Was a Believer of Trog.
             Slain by a wight
             ... wielding a +5 halberd
              (4 damage)
             ... on level 9 of the Dungeon.
             The game lasted 00:14:30 (8869 turns).

sammy202020 the Fighter (Minotaur Fighter)          Turns: 8869, Time: 00:14:30

HP:   0/99 (104)    AC: 19    Str: 21    XL:     11   Next: 26%
MP:   10/10         EV:  9    Int:  9    God:    Trog [**....]
Gold: 515           SH: 11    Dex: 12    Spells: 10/10 levels left

rFire   + + .      SeeInvis .   a - +2 war axe
rCold   + . .      Faith    .   v - +1 kite shield {rF+}
rNeg    . . .      Spirit   .   H - +0 shadow dragon scales
rPois   .          Reflect  .   (helmet restricted)
rElec   .          Harm     .   D - +0 cloak
rCorr   .          Rampage  .   h - +0 pair of gloves
Will    .....                   f - +0 pair of boots
Stlth   +++.......              (no amulet)
HPRegen 0.26/turn               m - ring of protection from cold
MPRegen 0.12/turn               (no ring)

@: mighty, hasted, lightly drained, very quick
A: horns 2, retaliatory headbutt, thin skeletal structure 1, fire resistance 1,
screaming 1
a: Renounce Religion, Berserk, Trog's Hand


You were on level 9 of the Dungeon.
You worshipped Trog.
Trog was pleased with you.
You visited 2 branches of the dungeon, and saw 11 of its levels.

You collected 515 gold pieces.

Inventory:

Hand Weapons
 a - a +2 war axe (weapon)
 x - a +0 flail
 F - a +2 scimitar of flaming
Missiles
 y - 3 boomerangs
 A - 2 throwing nets (quivered)
Armour
 f - a +0 pair of boots (worn)
 h - a +0 pair of gloves (worn)
 v - a +1 kite shield of fire resistance (worn)
 B - +0 swamp dragon scales
 D - a +0 cloak (worn)
 H - +0 shadow dragon scales (worn)
Jewellery
 m - a ring of protection from cold (left hand)
Wands
 c - a wand of paralysis (7)
 l - a wand of mindburst (22)
 w - a wand of flame (47)
Scrolls
 j - 2 scrolls of teleportation
 s - a scroll of amnesia
 t - 5 scrolls of magic mapping
 u - a scroll of poison
 I - a scroll of blinking
Potions
 b - a potion of attraction
 d - 2 potions of might
 g - a potion of mutation
 i - 2 potions of magic
 k - a potion of curing {unknown}
 n - 3 potions of invisibility
 p - 2 potions of lignification {unknown}
 q - a potion of heal wounds
 r - 2 potions of berserk rage {unknown}
 z - a potion of brilliance {unknown}
 C - a potion of degeneration {unknown}
 E - a potion of flight {unknown}


   Skills:
 * Level 11.8 Fighting
 * Level 11.7 Axes
 + Level 8.8 Armour
 + Level 7.2 Dodging
 + Level 8.8 Shields


You had 10 spell levels left.
You didn't know any spells.
Your spell library contained the following spells:

 Spells                   Type           Power      Damage    Failure   Level
 Ensorcelled Hibernation  Hex/Ice        0%         N/A       100%        2
 Passwall                 Tmut/Erth      0%         N/A       100%        2
 Conjure Flame            Conj/Fire      0%         6-21      100%        3
 Dazzling Flash           Conj/Hex       0%         N/A       100%        3
 Ignite Poison            Fire/Tmut/Pois 0%         N/A       100%        3
 Portal Projectile        Hex/Tloc       0%         N/A       100%        3
 Stone Arrow              Conj/Erth      0%         3d7       100%        3
 Swiftness                Air            0%         N/A       100%        3
 Animate Armour           Summ/Erth      0%         N/A       100%        4
 Iskenderun's Mystic Bla  Conj/Tloc      0%         2d3       100%        4
 Sticky Flame             Conj/Fire      0%         2d3       100%        4
 Blade Hands              Tmut           0%         N/A       100%        5
 Excruciating Wounds      Necr           0%         N/A       100%        5
 Starburst                Conj/Fire      0%         6d3       100%        6
 Lehudib's Crystal Spear  Conj/Erth      0%         10d2      100%        8


Dungeon Overview and Level Annotations

Branches:
Dungeon (10/15)            Temple (1/1) D:5            Lair (0/6) D:9
    Orc (0/2) D:9

Altars:
Ashenzari
Cheibriados
Dithmenos
Elyvilon
Fedhas
Hepliaklqana
Nemelex Xobeh
Qazlal
Ru
Sif Muna
Trog
Uskayaw
Vehumet
Wu Jian
Xom
Yredelemnul
Zin
The Shining One
Beogh

Shops:
D:6 *   D:7 *

Portals:
Bailey: D:9


Innate Abilities, Weirdness & Mutations

You have a pair of horns on your head.
You reflexively headbutt those who attack you in melee.
You have a somewhat thin skeletal structure. (Dex +2, Stealth+)
Your flesh is heat resistant. (rF+)
You occasionally shout uncontrollably at your foes.


Message History

The wight closely misses you. You block the wight's attack.
You closely miss Maurice. Your headbutt misses Maurice.
Maurice is severely wounded.
You hit the wight.
You destroy the wight!
Trog accepts your kill.
Unknown command.
You barely miss Maurice. You headbutt Maurice, but do no damage.
Maurice is severely wounded.
You block the wight's attack. x2; You block Maurice's attack.
You hit Maurice. You headbutt Maurice, but do no damage.
Maurice is severely wounded.
You slash the wight!
Your skin stops crawling.
You feel less strong-willed. You block Maurice's attack.
The wight barely misses you.
The wight hits you from afar with a +0 trident.
* * * LOW HITPOINT WARNING * * *
The wight hits you with a +2 flail.
* * * LOW HITPOINT WARNING * * *
You feel drained.
You hit Maurice.
Maurice is almost dead.
You closely miss the wight.
You recover from your berserk rage.
You block the wight's attack. The wight hits you but does no damage.
You block Maurice's attack. The wight completely misses you.
You furiously retaliate!
You headbutt the wight!
You destroy the wight!
Trog accepts your kill.
You closely miss Maurice. You headbutt Maurice, but do no damage.
Maurice is almost dead.
You slice Maurice!!
You kill Maurice!
Trog accepts your kill.
Trog appreciates your killing of a magic user.
You block the wight's attack.
The wight hits you from afar with a +5 halberd!
* * * LOW HITPOINT WARNING * * *
You feel drained.
You die...

........# #.....'
........# #..⌠..8..<.≈.>
....#..## #.....#....≈.∩
.#####.# #.....#....≈..
.# #.####>._.8#....≈≈≈
## #....#.....#....... #
#.####....)#.>.... #.#
#..⌠))8(.# #.#
#...))@).#
######.####...))8('##
##........#.....#zz.##
##.###.##########z)..##
#.# #.#.#.# ##.......#
##.###>....###.........#
.............'.........+
##.####....###.........#
#.####..#.# ##.......##


You could see 3 wights.

Vanquished Creatures
  Erolcha (D:9)
  Erica (D:8)
  3 death yaks (D:9)
  Pikel (D:5)
  Maurice (D:9)
  Maggie (D:6)
  Grinder (D:5)
  A wraith (D:9)
  Eustachio (D:4)
  3 yaks (D:9)
  Grum (D:9)
  Menkaure (D:6)
  Duvessa (D:5)
  An acid dragon (D:9)
  4 black bears
  An ice beast (D:5)
  7 orc warriors
  2 sky beasts (D:7)
  3 wolves (D:9)
  An ogre (D:7)
  2 centaurs (D:8)
  2 phantoms
  A lemure (D:5)
  2 kobold brigands
  3 bullfrogs (D:7)
  Blork the orc (D:4)
  2 necrophages
  6 scorpions
  7 wights
  Dowan (D:5)
  5 killer bees (D:8)
  4 howler monkeys (D:9)
  A gnoll shaman (D:6)
  6 jellies
  5 orc priests
  A hound (D:4)
  Crazy Yiuf (D:6)
  Ijyb (D:4)
  7 orc wizards
  2 hell rats (D:9)
  4 iguanas
  Robin (D:3)
  4 gnolls (D:6)
  9 adders
  3 river rats (D:9)
  3 shadow imps
  2 white imps
  4 ufetubi
  A worm (D:2)
  2 dart slugs (D:2)
  30 orcs
  6 ball pythons
  5 endoplasms
  A giant cockroach (D:3)
  19 goblins
  12 hobgoblins
  4 jackals (D:3)
  15 kobolds
  5 quokkas
  4 bats
  5 rats
235 creatures vanquished.

Vanquished Creatures (others)
  A plant (Temple)
1 creature vanquished.

Grand Total: 236 creatures vanquished

Notes
Turn   | Place    | Note
-------+----------+-------------------------------------------
     0 | D:1      | sammy202020 the Minotaur Fighter began the quest for the
                  | Orb.
     0 | D:1      | Reached XP level 1. HP: 19/19 MP: 0/0
   257 | D:1      | Found a faded altar of an unknown god.
   270 | D:1      | Reached XP level 2. HP: 27/27 MP: 1/1
   802 | D:2      | Reached XP level 3. HP: 32/33 MP: 2/2
   864 | D:2      | Reached skill level 1 in Dodging
  1048 | D:2      | Reached XP level 4. HP: 41/41 MP: 3/3
  1263 | D:3      | Noticed Robin
  1272 | D:3      | Killed Robin
  1583 | D:3      | Noticed a black bear
  1661 | D:3      | Found a basalt altar of Yredelemnul.
  1950 | D:4      | Reached XP level 5. HP: 47/47 MP: 4/4
  1958 | D:4      | Noticed Ijyb
  1968 | D:4      | Paralysed by Ijyb for 5 turns
  1973 | D:4      | Killed Ijyb
  1974 | D:4      | Reached skill level 5 in Fighting
  2156 | D:4      | Noticed Blork the orc
  2165 | D:4      | Killed Blork the orc
  2170 | D:4      | Reached XP level 6. HP: 14/56 MP: 5/5
  2404 | D:4      | Found a glowing golden altar of the Shining One.
  2453 | D:4      | Noticed Eustachio
  2464 | D:4      | Killed Eustachio
  2465 | D:4      | Reached skill level 5 in Axes
  2920 | D:4      | Reached XP level 7. HP: 60/63 MP: 6/6
  3200 | D:5      | Entered Level 5 of the Dungeon
  3216 | D:5      | Reached skill level 5 in Armour
  3216 | D:5      | Reached skill level 5 in Shields
  3347 | D:5      | Noticed Grinder
  3355 | D:5      | Paralysed by Grinder for 4 turns
  3364 | D:5      | Killed Grinder
  3365 | D:5      | Reached XP level 8. HP: 21/73 MP: 7/7
  3602 | D:5      | Noticed Pikel
  3618 | D:5      | Killed Pikel
  3778 | D:5      | Found a staircase to the Ecumenical Temple.
  3796 | Temple   | Entered the Ecumenical Temple
  4161 | D:5      | Noticed Dowan
  4162 | D:5      | Noticed Duvessa
  4171 | D:5      | Killed Dowan
  4183 | D:5      | Killed Duvessa
  4488 | D:5      | Reached XP level 9. HP: 74/82 MP: 8/8
  4980 | D:6      | Reached skill level 5 in Dodging
  5267 | D:6      | Found a runed translucent door.
  5268 | D:6      | Noticed Crazy Yiuf
  5368 | D:6      | Found Owibot's Fire Supplies.
  5373 | D:6      | Noticed Maggie
  5386 | D:6      | Killed Maggie
  5706 | D:6      | Found a hide-covered altar of Uskayaw.
  5726 | D:6      | Noticed Menkaure
  5732 | D:6      | Killed Menkaure
  5760 | D:6      | Found a bloodstained altar of Trog.
  5765 | D:6      | Became a worshipper of Trog the Wrathful
  6057 | D:6      | Killed Crazy Yiuf
  6072 | D:6      | Gained mutation: You occasionally shout uncontrollably at
                  | your foes. [potion of mutation]
  6072 | D:6      | Gained mutation: You have a somewhat thin skeletal
                  | structure. (Dex +2, Stealth+) [potion of mutation]
  6072 | D:6      | Gained mutation: Your flesh is heat resistant. (rF+)
                  | [potion of mutation]
  6100 | D:7      | Found Cabra's General Store.
  6299 | D:7      | Found a white marble altar of Elyvilon.
  6641 | D:7      | Found a sparkling altar of Nemelex Xobeh.
  6734 | D:7      | Reached XP level 10. HP: 90/93 MP: 9/9
  6817 | D:7      | Reached skill level 10 in Fighting
  7078 | D:7      | Found a shadowy altar of Dithmenos.
  7385 | D:7      | Identified a scroll of acquirement
  7385 | D:7      | Acquired a +1 kite shield of fire resistance
  7465 | D:8      | Reached * piety under Trog
  7592 | D:8      | Reached skill level 10 in Axes
  7838 | D:8      | Found a hazy altar of Hepliaklqana.
  7883 | D:8      | Noticed Erica
  7903 | D:8      | Killed Erica
  8258 | D:8      | You fall into a shaft and drop 2 floors!
  8258 | D:10     | Entered Level 10 of the Dungeon
  8452 | D:9      | Noticed a death yak
  8453 | D:9      | Found a staircase to the Lair.
  8453 | D:9      | Noticed a death yak
  8461 | D:9      | Noticed a death yak
  8472 | D:9      | Killed a death yak
  8477 | D:9      | Killed a death yak
  8490 | D:9      | Killed a death yak
  8501 | D:9      | HP: 4/94 [something (2)]
  8813 | D:9      | Found a staircase to the Orcish Mines.
  8814 | D:9      | Noticed Erolcha
  8815 | D:9      | Found a flagged portal.
  8815 | D:9      | Noticed Grum
  8825 | D:9      | Reached XP level 11. HP: 102/102 MP: 10/10
  8832 | D:9      | Killed Erolcha
  8832 | D:9      | Killed Grum
  8835 | D:9      | Reached ** piety under Trog
  8837 | D:9      | Noticed Maurice
  8869 | D:9      | Killed Maurice
  8869 | D:9      | HP: 4/102 [wight/+5 halberd (16)]
  8869 | D:9      | Slain by a wight

Illustrated notes

Levels and vault maps discovered:
D:1:      spicycebolla_arrival_xxxplode, layout_rooms,
          hellmonk_ecumenical_altar_blasted, solitary_fountain
D:2:      layout_rooms
D:3:      layout_basic, mainiacjoe_overflow_24_doors, lightli_corner_chamber,
          uniq_robin
D:4:      layout_loops_ring, nicolae_tso_swordbearing_angel, uniq_ijyb,
          uniq_eustachio, uniq_blork_the_orc
D:5:      minmay_recursive_quarters, layout_basic,
          minmay_temple_entry_drinking_statues, uniq_pikel, uniq_duvessa,
          uniq_grinder
D:6:      layout_rooms, mainiacjoe_overflow_big_doors, nicolae_shop_fire_sale
          [nicolae_sub_dead_trees], uniq_menkaure, uniq_maggie,
          uniq_crazy_yiuf_cottage
D:7:      layout_basic, nemelex_dance_club_becter, amcnicky_altar_gilded,
          nicolae_dithmenos_shadow_blocks, serial_shops, nicolae_stop_n_shop_2
D:8:      layout_gridville, nicolae_gozag_seed_capital,
          mainiacjoe_overflow_brackets, serial_co_window_serial,
          co_window_of_opportunity_a, co_window_paths_a, co_window_corner_a,
          co_window_corner_a, co_window_corner_a, co_window_corner_cb,
          co_window_paths_c, co_window_broadway_a, co_window_paths_c,
          co_window_sun, co_window_paths_d, glass_columns_b, glass_columns_b,
          uniq_gastronok, uniq_erica
D:9:      layout_loops_corners, lemuel_mausoleum_altar_kikubaaqudgha,
          lemuel_coloured_pillars_altar, lemuel_tele_altar, dpeg_lair_monsters,
          david_orc_5, enter_bailey_5, uniq_maurice, uniq_grum, uniq_erolcha
D:10:     layout_cave_pods, serial_shops, shop, uniq_sonja
Temple:   cyrus_temple_forest

Skill      XL: |  1  2  3  4  5  6  7  8  9 10 11 |
---------------+----------------------------------+-----
Fighting       | 4 5 6 7 8 9 11 | 11.8
Axes           | 3 4 5 6 8 9 11 | 11.7
Dodging        | 1 2 3 4 5 6 7 |  7.2
Shields        | 4 5 6 7 8 |  8.8
Armour         | 4 5 6 7 8 |  8.8

Action                   |  1- 3 |  4- 6 |  7- 9 | 10-12 || total
-------------------------+-------+-------+-------+-------++-------
Melee: War axe           |    67 |    87 |   235 |   185 ||   574
       Headbutt          |     6 |    15 |    53 |    27 ||   101
Invok: Berserk           |       |       |       |     3 ||     3
       Trog's Hand       |       |       |       |     1 ||     1
  Use: Scroll            |     4 |     3 |     5 |     4 ||    16
       Potion            |       |     1 |     1 |     6 ||     8
Armor: Scale mail        |     4 |       |       |       ||     4
       Chain mail        |    37 |    69 |    98 |    46 ||   250
       Swamp dragon scal |       |       |    18 |    17 ||    35
       Shadow dragon sca |       |       |       |    52 ||    52
Dodge: Dodged            |    24 |    34 |    95 |    94 ||   247
Block: Buckler           |    18 |    17 |    65 |     3 ||   103
       Kite shield       |       |       |       |   147 ||   147

Table legend: (Time is in decaauts)
 A = Elapsed time spent in this place.
 B = Non-inter-level travel time spent in this place.
 C = Inter-level travel time spent in this place.
 D = Time resting spent in this place.
 E = Time spent auto-exploring this place.
 F = Levels seen in this place.
 G = Mean time per level.
                   A        B        C        D        E       F      G
               +--------+--------+--------+--------+--------+-----+--------+
         Total |   8965 |   8847 |    118 |     35 |   6997 |  11 |  815.0 |
       Dungeon |   8852 |   8734 |    118 |     35 |   6938 |  10 |  885.2 |
        Temple |    112 |    112 |      0 |      0 |     59 |   1 |  112.0 |
               +--------+--------+--------+--------+--------+-----+--------+

Top non-repeatable levels by time:
     D:5: 1671 daAuts
     D:7: 1347 daAuts
     D:4: 1271 daAuts
     D:6: 1142 daAuts
     D:8: 834 daAuts
     D:1: 742 daAuts
     D:3: 735 daAuts
     D:9: 584 daAuts
     D:2: 505 daAuts
  Temple: 112 daAuts
    D:10: 17 daAuts
